 Dungeon Crawl Stone Soup version 0.28-a0-1524-ge72afd5fc6 (webtiles) character file.

Game seed: 11208000331936799836

31314 sbbq2022 the Reanimator (level 13, -1/127 HPs)
             Began as a Deep Dwarf Necromancer on Jan 18, 2022.
             Was a High Priest of Ashenzari.
             Slain by a cane toad (16 damage)
             ... on level 3 of the Lair of Beasts.
             The game lasted 00:39:12 (18489 turns).

sbbq2022 the Reanimator (Deep Dwarf Necromancer)   Turns: 18489, Time: 00:39:12

Health: -1/127     AC: 10    Str:  9    XL:     13   Next: 25%
Magic:  7/28       EV: 15    Int: 27    God:    Ashenzari [*****.]
Gold:   1687       SH:  0    Dex: 13    Spells: 23/34 levels left

rFire   + . .      SeeInvis +   k - +4 mace of the All-Knowing {spect, rElec rCorr Str-5 Int+8, Fort, Self} (curse)
rCold   . . .      Faith    .   (no shield)
rNeg    + . .      Spirit   .   F - +1 leather armour of Ashenzari's Loss {rF+, Evo, Elem} (curse)
rPois   +          Reflect  .   b - +2 hat of Ashenzari's Irritation {Self, Elem} (curse)
rElec   +          Harm     .   v - scarf "Tethered With Me" {repulsion, Bglg, Elem} (curse)
rCorr   +          Rampage  .   g - +0 pair of gloves "Overhang to Understand" {Melee, Evo} (curse)
Will    +....      Clarity  +   d - +0 pair of boots of Ashenzari's Servitude {Range, Alch} (curse)
Stlth   ++........              (no amulet)
HPRegen 0.00/turn               s - ring of Panopticon {rN+, Range, Alch} (curse)
MPRegen 0.21/turn               h - ring of Ashenzari's Yoke {rPois, Comp, Bglg} (curse)

@: repel missiles
A: damage resistance, heal wounds, sense surroundings 2, no regeneration
a: Heal Wounds, Renounce Religion, Shatter the Chains


You were on level 3 of the Lair of Beasts.
You worshipped Ashenzari.
Ashenzari was extremely pleased with you.
You visited 4 branches of the dungeon, and saw 19 of its levels.

You collected 1883 gold pieces.
You spent 196 gold pieces at shops.

Inventory:

Hand Weapons
 k - the cursed +4 mace of the All-Knowing (weapon) {spect, rElec rCorr Str-5 Int+8, Fort, Self}
   (You found it on level 2 of the Dungeon)

   When its wielder attacks, the weapon's spirit leaps out and strikes again.
   The spirit shares a part of any damage it takes with its wielder.
   Str:       It affects your strength (-5).
   Int:       It affects your intelligence (+8).
   rElec:     It insulates you from electricity.
   rCorr:     It protects you from acid and corrosion.
   It has a curse which improves the following skills: Fortitude: Armour and
   Shields.
   Introspection: Fighting and Spellcasting.
Missiles
 f - 4 throwing nets
 l - 2 silver boomerangs (quivered)
 p - 86 bolts
Armour
 b - the cursed +2 hat of Ashenzari's Irritation (worn) {Self, Elem}
   (You bought it in a shop on level 1 of the Dungeon)

   It has a curse which improves the following skills: Introspection: Fighting
   and Spellcasting.
   Elements:  Fire Magic, Ice Magic, Air Magic and Earth Magic.
 d - the cursed +0 pair of boots of Ashenzari's Servitude (worn) {Range, Alch}
   (You found it on level 1 of the Dungeon)

   It has a curse which improves the following skills: Ranged Combat: Slings,
   Bows, Crossbows and Throwing.
   Alchemy:   Poison Magic and Transmutations.
 g - the cursed +0 pair of gloves "Overhang to Understand" (worn) {Melee, Evo}
   (You found it on level 2 of the Dungeon)

   It has a curse which improves the following skills: Melee Combat: Short
   Blades, Long Blades, Axes, Maces & Flails, Polearms, Staves and Unarmed
   Combat.
   Evocations: Evocations.
 v - the cursed scarf "Tethered With Me" (worn) {repulsion, Bglg, Elem}
   (You found it on level 7 of the Dungeon)

   It has a curse which improves the following skills: Beguiling: Conjurations,
   Hexes and Translocations.
   Elements:  Fire Magic, Ice Magic, Air Magic and Earth Magic.
 F - the cursed +1 leather armour of Ashenzari's Loss (worn) {rF+, Evo, Elem}
   (You took it off an orc priest on level 8 of the Dungeon)

   It has a curse which improves the following skills: Evocations: Evocations.
   Elements:  Fire Magic, Ice Magic, Air Magic and Earth Magic.
Jewellery
 h - the cursed ring of Ashenzari's Yoke (right hand) {rPois, Comp, Bglg}
   (You found it on level 2 of the Lair of Beasts)

   [ring of poison resistance]

   rPois:     It protects you from poison.
   It has a curse which improves the following skills: Companions: Summonings
   and Necromancy.
   Beguiling: Conjurations, Hexes and Translocations.
 s - the cursed ring of Panopticon (left hand) {rN+, Range, Alch}
   (You found it on level 5 of the Dungeon)

   [ring of positive energy]

   rN:        It protects you from negative energy.
   It has a curse which improves the following skills: Ranged Combat: Slings,
   Bows, Crossbows and Throwing.
   Alchemy:   Poison Magic and Transmutations.
Wands
 m - a wand of polymorph (2)
 u - a wand of paralysis (4)
 z - a wand of digging (4)
Scrolls
 a - a scroll of teleportation
 c - 2 scrolls of enchant armour
 e - 4 scrolls of fog
 o - 2 scrolls of magic mapping
 r - 2 scrolls of summoning
 y - 2 scrolls of holy word
 E - a scroll of amnesia
Potions
 i - a potion of invisibility
 j - 2 potions of lignification
 n - 5 potions of heal wounds
 q - a potion of cancellation
 t - a potion of berserk rage
 w - 4 potions of curing
 x - 3 potions of ambrosia
 A - 4 potions of flight
 B - a potion of haste
 C - a potion of brilliance
 D - 2 potions of might
 G - a potion of resistance


   Skills:
 + Level 7.5(11.0) Fighting
 * Level 4.3(6.5) Maces & Flails
 + Level 9.0(11.3) Armour
 + Level 9.2 Dodging
 - Level 2.4 Stealth
 + Level 7.8(11.3) Spellcasting
 * Level 14.5(16.7) Necromancy
 - Level 6.0(9.4) Transmutations


You had 23 spell levels left.
You knew the following spells:

 Your Spells              Type           Power      Damage    Failure   Level
a - Pain                  Necr           100%       1d9       0%          1
b - Vampiric Draining     Necr           82%        2d11      0%          3
c - Agony                 Necr           82%        N/A       1%          5
d - Wereblood             Tmut           61%        N/A       1%          2

Your spell library contained the following spells:

 Spells                   Type           Power      Damage    Failure   Level
 Animate Skeleton         Necr           100%       N/A       0%          1
 Sublimation of Blood     Necr           82%        N/A       0%          2
 Passwall                 Tmut/Erth      35%        N/A       1%          2
 Animate Dead             Necr           41%        N/A       1%          4
 Shock                    Conj/Air       72%        1d7       3%          1
 Summon Small Mammal      Summ           64%        N/A       4%          1
 Scorch                   Fire           36%        2d7       5%          2
 Ensorcelled Hibernation  Hex/Ice        36%        N/A       6%          2
 Ozocubu's Armour         Ice            18%        N/A       11%         3
 Swiftness                Air            18%        N/A       11%         3
 Inner Flame              Hex/Fire       18%        N/A       12%         3
 Summon Guardian Golem    Hex/Summ       17%        N/A       12%         3
 Call Canine Familiar     Summ           16%        N/A       13%         3
 Airstrike                Air            9%         N/A       36%         4
 Cause Fear               Hex            8%         N/A       36%         4
 Flame Wave               Conj/Fire      18%        2d5       36%         4
 Summon Cactus Giant      Summ           8%         N/A       100%        6
 Ozocubu's Refrigeration  Ice            9%         4d6       100%        7
 Summon Hydra             Summ           8%         N/A       100%        7
 Discord                  Hex            8%         N/A       100%        8


Dungeon Overview and Level Annotations

Branches:
Dungeon (13/15)            Temple (1/1) D:7            Lair (3/6) D:10
  Swamp (0/4) Lair:3        Snake (0/4) Lair:2          Orc (2/2) D:10
    Elf: Orc:2       Vaults: D:13-14

Altars:
Ashenzari
Cheibriados
Dithmenos
Elyvilon
Fedhas
Gozag
Hepliaklqana
Kikubaaqudgha
Makhleb
Nemelex Xobeh
Okawaru
Qazlal
Ru
Sif Muna
Trog
Uskayaw
Vehumet
Wu Jian
Xom
Yredelemnul
Zin
The Shining One

Shops:
D:1 [([   D:4 (

Annotations:
D:13 Urug
Lair:2 2 runed translucent doors


Innate Abilities, Weirdness & Mutations

You are resistant to damage.
You can heal yourself by infusing magical energy.
You passively map the area around you.
You do not regenerate.


Message History

You hold your ground!
The dire elephant completely misses you.
Unknown command.
Unknown command.
Casting: Vampiric Draining (safe; 0% risk of failure)
Confirm with . or Enter, or press ? or * to list all spells.
Aiming: Vampiric Draining (safe; 0% risk of failure)
Press: ? - help, Shift-Dir - straight line, f/p - dire elephant
Aim: a dire elephant (almost dead)
You draw life force from the dire elephant.
You feel life coursing into your body. The dire elephant tramples you.
You hold your ground!
The dire elephant trunk-slaps you.
* * * LOW HITPOINT WARNING * * *
Okay, then.
Unknown command.
Blink to where?
Press: ? - help, Dir - move target, p - dire elephant
As you read the scroll of blinking, it crumbles to dust.
Found a stone staircase leading up.
Found a stone staircase leading down.
Found a +0 hand axe.
There is a stone staircase leading down here.
You climb downwards.
There is a stone staircase leading up here.
Unknown command.
A water moccasin comes into view.
A cane toad comes into view.
The water moccasin hisses angrily.
The cane toad croaks.
Casting: Vampiric Draining (safe; 0% risk of failure)
Confirm with . or Enter, or press ? or * to list all spells.
You don't know that spell.
The cane toad barely misses you.
Casting: Vampiric Draining (safe; 0% risk of failure)
Confirm with . or Enter, or press ? or * to list all spells.
Aiming: Vampiric Draining (safe; 0% risk of failure)
Press: ? - help, Shift-Dir - straight line, f - cane toad
Aim: a cane toad You draw life force from the cane toad!
You feel life coursing into your body. The cane toad stings you!!
You die...

, ,
.................., ,
, , ,,
..................,,,,
, ,.......<..........
, , , ,,
,.P##..#........... ,
* *, ,###.###.....##,,
*,, , #...##.#.S..P#*,
** , , * ,
##......#.....♣ * * ,
, ,*
,,,......F....♣♣♣♣* *
** , ,.......@#♣♣♣≈.
***≈≈ * ,
,.##....#♣♣.§≈. , ≈ *,
, , #....♣♣§.≈≈≈ , * *
#.##..♣♣§§ ≈ * *≈ * ,
# *#.♣ , { ** , ≈ , ,
, , ***..* * ≈≈, * ,
,,,,,,, ..., , { ≈ *
≈, , , ,... * ,,, *, ≈
, ,,,,,,, , *,,* *** *
*


You could see a cane toad and a water moccasin.

Vanquished Creatures
  A hydra (Lair:1)
  5 two-headed ogres
  A death yak (D:10)
  A lindwurm (Lair:1)
  An ugly thing (D:8)
  2 orc sorcerers
  2 cyclopes (D:11)
  2 black mambas (Lair:2)
  3 elephants (Lair:2)
  A guardian serpent (Lair:2)
  3 cane toads (Lair:1)
  A rime drake (Lair:1)
  6 komodo dragons
  A meliai (D:10)
  2 hornets
  2 trolls (Orc:1)
  Grinder (D:3)
  3 wraiths
  3 wyverns
  3 basilisks
  A vampire mosquito (D:13)
  11 yaks
  A steam dragon (D:9)
  2 wargs (Orc:1)
  2 acid dragons
  Duvessa (D:6)
  7 water moccasins
  A sky beast (D:5)
  15 orc warriors
  2 ice beasts
  3 black bears
  A necrophage (D:6)
  8 centaurs
  7 ogres
  A phantom (D:6)
  A kobold brigand (D:10)
  3 bullfrogs
  A gnoll sergeant (D:8)
  3 scorpions
  Dowan (D:6)
  4 killer bees
  5 wights (D:9)
  2 bullfrog zombies
  4 howler monkeys
  2 centaur zombies (D:5)
  A jelly (D:4)
  2 centaur skeletons
  10 orc priests
  2 bullfrog skeletons (D:6)
  3 gnoll shamans
  3 hounds
  Crazy Yiuf (D:3)
  2 iguanas
  20 orc wizards
  A killer bee zombie (D:7)
  A hound zombie (D:5)
  A hound skeleton (D:4)
  A howler monkey zombie (D:9)
  24 gnolls
  2 howler monkey skeletons
  7 adders
  4 shadow imps
  4 white imps
  An ufetubus (D:6)
  An adder zombie (D:5)
  4 worms
  A dart slug (D:2)
  63 orcs
  10 endoplasms
  A giant cockroach (D:3)
  6 goblins
  4 hobgoblins
  8 kobolds
  2 quokkas
  4 ball pythons
  4 bats
  10 rats
341 creatures vanquished.

Vanquished Creatures (others)
  7 fungi
  35 plants
42 creatures vanquished.

Grand Total: 383 creatures vanquished

Notes
Turn   | Place    | Note
-------+----------+-------------------------------------------
     0 | D:1      | sbbq2022 the Deep Dwarf Necromancer began the quest for the
                  | Orb.
     0 | D:1      | Reached XP level 1. HP: 15/15 MP: 3/3
    15 | D:1      | Noticed a minotaur skeleton
    15 | D:1      | Noticed a minotaur skeleton
    17 | D:1      | Noticed a minotaur skeleton
    69 | D:1      | Found Exzo Amui's Armour Emporium.
   398 | D:1      | Reached XP level 2. HP: 22/22 MP: 0/5
   639 | D:1      | Found Managoim's Antique Weapon Boutique.
   679 | D:1      | Found Lamos's Antique Armour Shop.
  1209 | D:2      | Reached skill level 5 in Necromancy
  1321 | D:2      | You fall into a shaft and drop 1 floor!
  1492 | D:2      | Found a burning altar of Makhleb.
  1692 | D:2      | Identified the +4 whip of Anxiety {vorpal, Str+2}
  1697 | D:2      | Found a faded altar of an unknown god.
  1713 | D:2      | Reached XP level 3. HP: 28/28 MP: 1/6
  1724 | D:2      | Learned a level 3 spell: Vampiric Draining
  2197 | D:2      | Identified the +4 mace of the Endless Heavens {spect, rElec
                  | rCorr Str-5 Int+8}
  2266 | D:3      | Noticed a bullfrog
  2274 | D:3      | Killed a bullfrog
  2275 | D:3      | Reached skill level 6 in Necromancy
  2275 | D:3      | Reached XP level 4. HP: 36/36 MP: 0/8
  2349 | D:3      | Noticed Grinder
  2490 | D:3      | Killed Grinder
  2491 | D:3      | Reached skill level 7 in Necromancy
  2491 | D:3      | Reached XP level 5. HP: 42/42 MP: 8/10
  2491 | D:3      | Reached XP level 6. HP: 49/49 MP: 8/11
  3244 | D:3      | Found a runed translucent door.
  3245 | D:3      | Noticed Crazy Yiuf
  3299 | D:3      | Killed Crazy Yiuf
  3605 | D:4      | Found a sacrificial altar of Ru.
  3609 | D:4      | Reached skill level 1 in Fighting
  3609 | D:4      | Reached skill level 1 in Armour
  3820 | D:4      | Found Loitz's Weapon Shoppe.
  4096 | D:5      | Entered Level 5 of the Dungeon
  4210 | D:5      | Reached XP level 7. HP: 57/57 MP: 12/12
  4711 | D:5      | Reached skill level 8 in Necromancy
  5493 | D:5      | Reached XP level 8. HP: 50/67 MP: 14/14
  6477 | D:6      | Reached skill level 9 in Necromancy
  6719 | D:6      | Found a stormy altar of Qazlal.
  6729 | D:6      | Noticed an air elemental
  6864 | D:6      | Gained mutation: You passively map the area around you.
                  | [Deep Dwarf growth]
  6864 | D:6      | Reached XP level 9. HP: 57/76 MP: 12/16
  7142 | D:6      | Noticed Dowan
  7143 | D:6      | Noticed Duvessa
  7161 | D:6      | Killed Duvessa
  7162 | D:6      | Reached skill level 5 in Dodging
  7165 | D:6      | Reached skill level 5 in Spellcasting
  7167 | D:6      | Killed Dowan
  7232 | D:6      | Reached skill level 10 in Necromancy
  7578 | D:7      | Identified the +0 whip of Dissolution {freeze, Fly}
  7635 | D:7      | Found a staircase to the Ecumenical Temple.
  7696 | Temple   | Entered the Ecumenical Temple
  7864 | Temple   | Became a worshipper of Ashenzari the Shackled
  8254 | D:8      | Noticed a two-headed ogre
  8405 | D:8      | Noticed a two-headed ogre
  8414 | D:7      | Reached skill level 5 in Armour
  9173 | D:8      | Killed a two-headed ogre
  9174 | D:8      | Reached skill level 11 in Necromancy
  9174 | D:8      | Reached XP level 10. HP: 84/87 MP: 18/18
  9348 | D:8      | Reached * piety under Ashenzari
  9348 | D:8      | Identified a scroll of acquirement
  9553 | D:8      | Acquired 906 gold pieces
  9578 | D:7      | Killed a two-headed ogre
  9579 | D:7      | Reached skill level 5 in Fighting
  9747 | D:1      | Bought a runed hat for 196 gold pieces
 10268 | D:9      | Noticed a two-headed ogre
 10352 | D:9      | Noticed a two-headed ogre
 11086 | D:9      | Noticed a red ugly thing
 11110 | D:8      | Killed a red ugly thing
 11319 | D:8      | Reached skill level 12 in Necromancy
 11799 | D:10     | Entered Level 10 of the Dungeon
 11799 | D:10     | Found a staircase to the Orcish Mines.
 11838 | D:10     | Noticed a two-headed ogre
 11992 | D:10     | Noticed a two-headed ogre
 12008 | D:9      | Learned a level 5 spell: Agony
 12079 | D:10     | Noticed a death knight
 12231 | D:10     | Killed a two-headed ogre
 12232 | D:10     | Reached XP level 11. HP: 87/97 MP: 2/20
 12340 | D:10     | Noticed a death yak
 12357 | D:10     | Killed a death yak
 12396 | D:10     | Found a staircase to the Lair.
 12511 | D:10     | Acquired a book of Blood
 12516 | D:10     | Learned a level 2 spell: Wereblood
 12696 | D:10     | Reached skill level 13 in Necromancy
 12696 | D:10     | Reached XP level 12. HP: 89/106 MP: 20/22
 12909 | D:10     | Reached ** piety under Ashenzari
 12952 | D:10     | Killed a two-headed ogre
 13279 | Orc:1    | Entered Level 1 of the Orcish Mines
 13491 | Orc:2    | Entered Level 2 of the Orcish Mines
 13856 | Orc:2    | Noticed an orc warlord
 14780 | Orc:2    | Reached skill level 1 in Maces & Flails
 15101 | D:11     | Reached *** piety under Ashenzari
 15168 | D:11     | Reached skill level 5 in Transmutations
 15679 | D:11     | Noticed a two-headed ogre
 15696 | D:11     | Killed a two-headed ogre
 15761 | D:13     | Noticed a two-headed ogre
 15804 | D:13     | Noticed Urug
 15807 | D:12     | Noticed a centaur warrior
 15807 | D:12     | Noticed a great orb of eyes
 15807 | D:12     | Noticed a centaur warrior
 15872 | D:10     | Reached skill level 14 in Necromancy
 15979 | Lair:1   | Entered Level 1 of the Lair of Beasts
 16459 | Lair:1   | Reached **** piety under Ashenzari
 16995 | Lair:1   | Reached XP level 13. HP: 120/124 MP: 15/27
 17587 | Lair:2   | Found a large runed translucent door.
 17587 | Lair:2   | Found a large runed translucent door.
 18146 | Lair:2   | Reached ***** piety under Ashenzari
 18394 | Lair:2   | Noticed a dire elephant
 18489 | Lair:3   | Slain by a cane toad

Illustrated notes

Levels and vault maps discovered:
D:1:      shiori_arrival_whats_in_store_for_you, layout_basic, serial_shops,
          shop, shop, shop, serial_bayou_lagoon_b
D:2:      layout_basic, shapermc_ecumenical_altar_pompeii, basic_altar,
          minmay_misc_feat_ornament, serial_park_tiny_1
D:3:      layout_basic, uniq_crazy_yiuf_cottage, uniq_grinder
D:4:      layout_basic, hangedman_ru_absence, serial_shops, kennysheep_mini
D:5:      layout_loops_corners, minmay_misc_feat_rugged
D:6:      minmay_flawed_box, layout_basic, nicolae_qazlal_style_of_elements,
          minmay_pentangle, uniq_duvessa
D:7:      layout_rooms, minmay_temple_entry_trees
D:8:      layout_cave_pods, minmay_misc_feat_four_crosses, columned_hall_lemuel,
          kennysheep_generic_room_9
D:9:      layout_basic, special_room [special_room_orc],
          minmay_fractal_squares_5
D:10:     layout_loops_ring, david_lair_generic, orc_0_dummy
D:11:     layout_roguey, nicolae_dithmenos_through_a_glass_darkly
D:12:     layout_gridville, chequers_serial_rivers_micro_a,
          minmay_misc_feat_rows, minmay_the_grid_2x2 [minmay_the_grid_eight,
          minmay_the_grid_outer_diamond, minmay_the_grid_fan,
          minmay_the_grid_prize_inner_circle]
D:13:     layout_long_grid, erik_vaults_2, special_room [special_room_bee],
          uniq_urug
Temple:   regret_index_temple_chain_breaker
Lair:1:   layout_chaotic_city
Lair:2:   lemuel_slime, layout_layer_cave, minmay_snake_entry_spellcaster,
          ebering_ghost_disaster_area, nicolae_lair_grazing_beasts
          [nicolae_sub_lair_graze_edge, nicolae_sub_lair_graze_edge,
          nicolae_sub_lair_graze_edge, nicolae_sub_lair_graze_edge]
Lair:3:   layout_regular_city, palyth_hydra_swamp_entry
Orc:1:    layout_diamond_mine
Orc:2:    grunt_orc_cross, layout_caves

Skill      XL: |  1  2  3  4  5  6  7  8  9 10 11 12 13 |
---------------+----------------------------------------+-----
Spellcasting   | 2 3 4 5 6 7 |  7.8
Necromancy     | 5 6 7 8 9 11 12 13 14 | 14.5
Fighting       | 1 2 3 4 5 6 7 |  7.5
Armour         | 1 2 4 5 6 7 8 9 |  9.0
Dodging        | 3 4 6 7 8 9 |  9.2
Transmutations | 4 5 6 |  6.0
Maces & Flails | 3 4 |  4.3
Stealth        | |  2.4

Action                   |  1- 3 |  4- 6 |  7- 9 | 10-12 | 13-15 || total
-------------------------+-------+-------+-------+-------+-------++-------
Melee: Unarmed           |     1 |       |       |       |       ||     1
       Whip              |    11 |       |       |       |       ||    11
       Mace              |     9 |    43 |   153 |   195 |    43 ||   443
       Punch             |       |       |     3 |     3 |       ||     6
Throw: Boomerang         |       |       |       |     7 |       ||     7
 Cast: Pain              |    43 |       |       |    11 |     1 ||    55
       Vampiric Draining |     3 |    10 |    80 |   233 |    56 ||   382
       Wereblood         |       |       |       |     4 |       ||     4
Invok: Curse Item        |       |       |     1 |     6 |     1 ||     8
Evoke: Wand              |       |       |     4 |     5 |     3 ||    12
  Use: Scroll            |       |       |       |     4 |     1 ||     5
       Potion            |       |       |       |     1 |       ||     1
 Stab: Sleeping          |     1 |     3 |     1 |       |       ||     5
       Distracted        |       |     2 |       |     2 |       ||     4
Armor: Leather armour    |     1 |    19 |    74 |    94 |    36 ||   224
Dodge: Dodged            |    22 |    24 |   172 |   322 |    79 ||   619
       Repelled          |       |       |       |     5 |       ||     5

Table legend: (Time is in decaauts)
 A = Elapsed time spent in this place.
 B = Non-inter-level travel time spent in this place.
 C = Inter-level travel time spent in this place.
 D = Time resting spent in this place.
 E = Time spent auto-exploring this place.
 F = Levels seen in this place.
 G = Mean time per level.
                   A        B        C        D        E       F      G
               +--------+--------+--------+--------+--------+-----+--------+
         Total |  18743 |  17272 |   1471 |   2505 |  10931 |  19 |  986.5 |
       Dungeon |  14434 |  13069 |   1365 |   1274 |   8873 |  13 | 1110.3 |
        Temple |    178 |    155 |     23 |      0 |    136 |   1 |  178.0 |
          Lair |   2527 |   2495 |     32 |    515 |   1421 |   3 |  842.3 |
  Orcish Mines |   1603 |   1552 |     51 |    716 |    501 |   2 |  801.5 |
               +--------+--------+--------+--------+--------+-----+--------+

Top non-repeatable levels by time:
     D:5: 1883 daAuts
  Lair:1: 1882 daAuts
     D:6: 1640 daAuts
     D:9: 1605 daAuts
     D:8: 1591 daAuts
   Orc:1: 1529 daAuts
    D:10: 1473 daAuts
     D:1: 1441 daAuts
     D:3: 1200 daAuts
     D:4: 936 daAuts
     D:2: 921 daAuts
     D:7: 907 daAuts
    D:11: 732 daAuts
  Lair:2: 632 daAuts
  Temple: 178 daAuts
